Map: Paladino Terminal LE

Players

TYTY (TY)

  • Race: Terran Terran
  • Spawn Location: 9:00

Stats - Winner!

  • Race: Protoss Protoss
  • Spawn Location: 5:00

Event: IEM XI Katowice - World Championship 2017

VOD

https://www.youtube.com/watch?v=xOlfT__CW7Y

Description

Time

  • Played on: March 5, 2017, 9:59 a.m.
  • Length: 6:00

All games in this series

Show
View Real Time Build Order
Export as new Build Order

TYTY Terran 

Build Orders:  

Get SALT Encoding   

  12  0:00  SCV  
  13  0:12  SCV  
  14  0:20  Supply Depot  
  14  0:24  SCV  
  15  0:42  SCV  
  16  0:44  Barracks  
  16  0:47  Refinery  
  16  0:54  SCV  
  17  1:06  SCV  
  19  1:18  SCV  
  19  1:32  Orbital Command  
  20  1:38  Barracks Reactor  
  19  1:47  Command Center  
  19  1:58  SCV  
  20  2:06  Factory  
  20  2:10  SCV  
  20  2:15  Supply Depot, Marine  
  21  2:17  Marine  
  23  2:24  Bunker  
  23  2:36  Marine x2, SCV  
  26  2:48  SCV  
  26  2:55  Widow Mine  
  26  2:56  Marine x2  
  27  3:01  SCV  
  27  3:06  Orbital Command  
  27  3:13  SCV  
  27  3:14  Marine  
  27  3:17  Marine  
  30  3:24  Widow Mine  
  30  3:25  SCV  
  31  3:35  Supply Depot  
  31  3:40  Supply Depot  
  31  3:47  Starport  
  31  3:56  Marine x2, SCV x2  
  31  3:57  Refinery  
  31  4:00  Cyclone  
  36  4:12  SCV  
  36  4:13  SCV  
  36  4:14  Marine x2  
  39  4:23  Viking  
  41  4:25  SCV x2  
  43  4:32  Marine x2  
  43  4:36  Factory Tech Lab  
  45  4:38  Supply Depot  
  45  4:42  SCV  
  45  4:46  Orbital Command  
  45  4:50  Marine  
  46  5:00  Marine, Viking  
  46  5:06  SCV  
  51  5:19  SCV x2  
  50  5:25  Factory Reactor  
  50  5:27  Barracks  
  50  5:28  Barracks  
  50  5:31  SCV x2  
  50  5:34  Supply Depot, Starport Reactor  
  52  5:43  SCV x2  
  52  5:45  Bunker  
  52  5:48  Supply Depot  
Show
View Real Time Build Order
Export as new Build Order

Stats Protoss - Winner!

Build Orders: Oracle Opening, Phoenix Opening 

Get SALT Encoding   

  12  0:08  Pylon  
  12  0:13  Probe (Chrono Boost)  
  13  0:24  Probe (Chrono Boost)  
  14  0:30  Gateway  
  14  0:35  Probe (Chrono Boost)  
  15  0:41  Assimilator  
  15  0:45  Probe (Chrono Boost)  
  16  0:52  Assimilator  
  16  0:56  Probe (Chrono Boost)  
  17  1:06  Probe (Chrono Boost)  
  18  1:17  Cybernetics Core, Probe (Chrono Boost)  
  19  1:28  Probe (Chrono Boost)  
  22  1:38  Pylon  
  22  1:42  Probe (Chrono Boost)  
  23  1:54  Adept, Mothership Core (Chrono Boost)  
  25  2:02  Stargate  
  25  2:11  Warp Gate  
  25  2:14  Probe (Chrono Boost)  
  26  2:18  Adept  
  28  2:28  Pylon  
  28  2:32  Probe (Chrono Boost)  
  29  2:42  Oracle  
  33  2:59  Probe (Chrono Boost)  
  31  3:13  Nexus  
  31  3:17  Oracle  
  31  3:26  Probe (Chrono Boost)  
  35  3:39  Probe (Chrono Boost)  
  36  3:43  Gateway  
  36  3:46  Pylon  
  36  3:51  Probe (Chrono Boost)  
  36  3:52  Phoenix  
  39  4:06  Probe (Chrono Boost)  
  41  4:17  Phoenix, Gateway  
  41  4:18  Probe (Chrono Boost)  
  43  4:26  Probe (Chrono Boost)  
  43  4:30  Probe (Chrono Boost)  
  45  4:42  Phoenix, Probe (Chrono Boost)  
  45  4:43  Probe (Chrono Boost)  
  47  4:49  Pylon  
  50  4:52  Probe (Chrono Boost)  
  50  4:55  Probe (Chrono Boost)  
  51  5:04  Phoenix, Adept x2  
  57  5:21  Probe (Chrono Boost)  
  57  5:25  Adept x2  
  57  5:28  Stalker  
  62  5:30  Pylon  
  62  5:32  Pylon  
  62  5:48  Probe (Chrono Boost)  
  64  5:50  Probe (Chrono Boost)  
  61  5:58  Stalker x3  

Tags
 
Add a new tag
Caveats
  • Supply blocks, unpowered buildings, or Contaminate may cause inaccurate times.
  • Supply counts are checked every 10 seconds.